Map: Frozen Temple

Players

Dimi

  • Race: Terran Terran

Blechfaust - Winner!

  • Race: Terran Terran
  • League: Gold

VOD

Have the link to the VOD?

Description

Time

  • Played on: April 9, 2016, 1:20 p.m.
  • Length: 13:30
Show
View Real Time Build Order
Export as new Build Order

Dimi Terran 

Build Orders: 1/1/1 

Get SALT Encoding   

  12  0:01  SCV  
  13  0:13  SCV  
  14  0:19  Supply Depot  
  14  0:25  SCV  
  15  0:29  Refinery  
  15  0:46  Barracks  
  15  0:47  SCV  
  16  0:59  SCV  
  16  1:00  Refinery  
  18  1:11  SCV  
  18  1:23  SCV  
  19  1:34  Factory  
  19  1:43  Supply Depot  
  19  1:44  Reaper  
  20  1:49  SCV  
  21  2:01  SCV  
  22  2:16  Reaper  
  22  2:19  Hellion  
  25  2:28  Starport  
  25  2:37  Orbital Command  
  25  2:41  Hellion  
  27  2:48  Reaper  
  28  2:55  Supply Depot  
  28  3:02  Hellion  
  30  3:17  Medivac  
  32  3:31  Factory Tech Lab  
  32  3:41  Barracks Reactor  
  32  3:44  SCV  
  32  3:47  Engineering Bay  
  32  3:48  Command Center  
  25  4:22  Siege Tank  
  25  4:23  Marine x2  
  39  4:31  Viking  
  30  4:34  SCV  
  33  4:40  Marine  
  33  4:41  Missile Turret, Marine  
  35  4:54  Siege Tank  
  35  4:58  Marine  
  39  5:05  Starport Reactor  
  39  5:07  Viking  
  39  5:10  Marine  
  42  5:16  Marine  
  42  5:19  Bunker  
  43  5:26  Siege Tank  
  43  5:28  Orbital Command  
  46  5:42  Missile Turret  
  46  5:43  Marine x2  
  48  6:00  Siege Tank, Supply Depot  
  48  6:03  SCV  
  52  6:05  SCV  
  52  6:15  SCV  
  52  6:17  SCV  
  54  6:23  Marine  
  55  6:27  SCV  
  55  6:28  Medivac  
  55  6:29  SCV  
  55  6:32  Missile Turret, Siege Tank  
  62  6:47  Supply Depot  
  62  7:01  SCV  
  62  7:06  Barracks x2  
  62  7:08  Marine x2  
  62  7:09  SCV  
  62  7:10  Supply Depot  
  65  7:25  Missile Turret  
  65  7:31  SCV  
  65  7:32  SCV  
  65  7:33  Marine  
  65  7:34  Marine  
  65  7:36  Medivac  
  71  7:44  SCV  
  72  7:51  Marine  
  72  7:55  Marine  
  58  8:04  Marine x2  
  51  8:09  Marine  
  49  8:13  Marine  
  46  8:21  Marine  
  46  8:22  Marine  
  43  8:27  Marine  
  43  8:30  Marine  
  44  8:39  Marine x2  
  49  8:41  Siege Tank  
  49  8:42  SCV  
  49  8:43  SCV  
  49  8:45  Marine  
  52  8:48  Marine  
  52  8:54  SCV  
  52  8:55  SCV  
  54  8:57  Marine x2  
  50  9:02  Marine  
  50  9:06  Marine  
  47  9:13  Siege Tank  
  49  9:20  Marine  
  48  9:24  Marine  
  48  9:31  Barracks Tech Lab  
  48  9:33  Barracks Tech Lab  
  47  9:39  Medivac  
  47  9:45  Siege Tank  
  52  9:46  Refinery  
  52  10:01  SCV x2, Missile Turret  
  52  10:03  Missile Turret  
  54  10:09  Medivac  
  54  10:10  Refinery  
  56  10:15  Stimpack  
  56  10:16  Combat Shields  
  56  10:17  Siege Tank  
  56  10:18  Marine x2  
  56  10:19  Marine  
  62  10:23  Missile Turret  
  62  10:24  SCV x2  
  62  10:26  Missile Turret  
  64  10:31  Terran Infantry Weapons Level 1  
  64  10:36  SCV x2  
  64  10:37  Marine x4  
  64  10:39  Medivac  
  72  10:49  Siege Tank  
  75  10:55  SCV x2, Marine  
  78  11:02  Supply Depot  
  78  11:23  Siege Tank, Marine x4  
  64  11:41  Marine x4  
  68  11:53  SCV  
  69  11:56  Siege Tank  
  69  11:58  Barracks  
  69  11:59  Marine x4  
  73  12:15  SCV x2  
  75  12:17  Marine x3  
  78  12:27  SCV x2, Marine  
  81  12:35  Marauder x2  
  85  12:39  SCV  
  86  12:46  Barracks  
  86  12:48  Command Center  
  86  12:52  Marine x3  
  86  12:56  Marauder x2  
  61  13:10  Marine x3  
Show
View Real Time Build Order
Export as new Build Order

Blechfaust Terran - Winner!

Build Orders: MMM Bio 

Get SALT Encoding   

  12  0:00  SCV  
  13  0:13  SCV  
  14  0:18  Supply Depot  
  14  0:25  SCV  
  15  0:40  SCV  
  15  0:41  Barracks  
  16  0:46  Refinery  
  16  0:53  SCV  
  17  1:05  SCV  
  17  1:09  Barracks  
  18  1:28  Orbital Command  
  18  1:31  Marine  
  19  1:36  Supply Depot  
  19  1:43  Refinery  
  19  1:58  Barracks Reactor  
  19  2:00  Barracks Tech Lab  
  19  2:09  Engineering Bay  
  18  2:23  Marine  
  18  2:29  Factory  
  19  2:35  Supply Depot  
  19  2:38  Marine  
  19  2:41  Marine x2  
  22  2:56  Terran Infantry Weapons Level 1  
  22  3:07  Combat Shields  
  22  3:08  Marine  
  22  3:09  Marine x2  
  25  3:26  SCV  
  26  3:31  Supply Depot  
  26  3:38  SCV, Marine x2  
  26  3:41  Marine  
  30  3:48  Starport  
  30  4:05  Marine x2  
  32  4:23  Marine x2  
  34  4:24  Marauder  
  34  4:25  Medivac  
  34  4:29  SCV  
  39  4:41  SCV  
  40  4:46  Marauder  
  40  4:52  Stimpack  
  42  4:55  Medivac  
  44  5:02  SCV  
  45  5:08  Supply Depot  
  45  5:09  Terran Infantry Armor Level 1  
  47  5:21  Marauder  
  47  5:25  Supply Depot  
  47  5:29  Medivac, Marine x2  
  47  5:35  SCV  
  53  5:45  Marauder  
  53  5:47  Marine x2  
  56  6:03  Medivac  
  58  6:04  Marine x2  
  58  6:06  Marauder  
  58  6:10  Supply Depot  
  62  6:23  Reaper  
  63  6:31  Marine  
  63  6:32  Marauder  
  66  6:33  Medivac, Supply Depot  
  68  6:49  Marine  
  68  6:53  Marauder  
  71  6:59  Marine  
  72  7:26  Marine  
  72  7:27  Marauder, Marine  
  72  7:28  Medivac  
  78  7:35  Command Center  
  77  7:44  Marine x2  
  77  7:49  Marauder  
  76  7:58  Medivac  
  39  8:21  Marine x2  
  39  8:22  Marauder  
  40  8:39  Marine x2  
  41  8:43  Marauder  
  41  8:46  Barracks x2  
  43  8:56  Marine  
  43  8:57  Marine  
  45  9:05  Marauder  
  37  9:27  Marine x2  
  37  9:28  Marauder  
  41  9:36  Supply Depot  
  41  9:37  Barracks Reactor, Armory  
  41  9:38  Barracks Reactor  
  41  9:44  Marine  
  42  9:52  Orbital Command  
  42  9:59  Marine  
  43  10:06  Starport Reactor  
  43  10:10  Concussive Shells  
  43  10:11  Marine  
  44  10:15  Marine x3  
  44  10:16  Marine  
  48  10:23  Marine  
  48  10:26  Terran Infantry Weapons Level 2  
  49  10:31  Engineering Bay  
  49  10:32  Marine x2  
  49  10:34  SCV  
  49  10:35  SCV  
  53  10:42  Marine x3  
  55  10:48  Medivac  
  55  10:49  Medivac  
  60  11:00  Marine  
  60  11:01  Marine x5  
  66  11:04  Factory Tech Lab  
  66  11:11  SCV x2  
  68  11:15  Marine  
  69  11:18  Marine  
  69  11:23  SCV x2  
  70  11:38  Marine x3  
  70  11:39  Marine x4  
  76  11:40  Medivac x2  
  80  11:56  Engineering Bay, Marine x3  
  83  12:01  Marine  
  83  12:02  Marine  
  83  12:06  SCV  
  86  12:21  Refinery  
  86  12:24  Refinery, Marine  
  87  12:43  Marine x3  
  87  12:44  Marine x2  
  92  12:52  Command Center  
  64  13:08  Marine  
  64  13:09  Marine x6  
Tags
 
Composition
MMM Bio
League
Gold
Matchup
TvT
Opening
1/1/1
Race
Terran
Add a new tag
Caveats
  • Supply blocks, unpowered buildings, or Contaminate may cause inaccurate times.
  • Supply counts are checked every 10 seconds.